SL
NEW AMSTERDAM REPUBLICS @ TOLEDO TITANS
08/16/2025
 
TOP OF THE 1ST
New Amsterdam Republics batting - Pitching for Toledo Titans : RHP Francis McBride
Pitching: RHP Francis McBride
Batting: RHB Enrique Morales 0-0: Ball
1-0: Foul Ball, location: 2F
1-1: Swinging Strike
1-2: Foul Ball, location: 2F
1-2: Foul Ball, location: 2F
1-2: Ball
2-2: SINGLE (Groundball, 6MD)
Batting: RHB Alfredo Suárez 0-0: Called Strike
0-1: Swinging Strike
0-2: Ball
1-2: DOUBLE (Groundball, 5L)
Enrique Morales to third
Batting: RHB Hank Wilder 0-0: Called Strike
0-1: Called Strike
0-2: Ball
1-2: Ball
2-2: Foul Ball, location: 2F
2-2: Foul Ball, location: 2F
2-2: Strikes out looking
Batting: LHB Félix López 0-0: Ball
1-0: Foul Ball, location: 2F
1-1: Ball
2-1: Foul Ball, location: 2F
2-2: Ground out U3 (Groundball, 3L)
Batting: RHB António Pérez 0-0: Called Strike
0-1: Swinging Strike
0-2: Ball
1-2: Foul Ball, location: 2F
1-2: Ball
2-2: Ball
3-2: Strikes out swinging
Top of the 1st over - 0 run(s), 2 hit(s), 0 error(s), 2 left on base; New Amsterdam 0 - Toledo 0
BOTTOM OF THE 1ST
Toledo Titans batting - Pitching for New Amsterdam Republics : LHP Alejandro Ramos
Pitching: LHP Alejandro Ramos
Batting: RHB Pil-joong Pak 0-0: Foul Ball, location: 2F
0-1: Fly out, F8 (Flyball, 8LD)
Batting: RHB Gerald Clark 0-0: Foul Ball, location: 2F
0-1: Ball
1-1: Ball
2-1: Foul Ball, location: 2F
2-2: Ball
3-2: Ground out 5-3 (Groundball, 56)
Batting: LHB Yannick Hendriksen 0-0: Ball
1-0: Ground out 4-3 (Groundball, 4S)
Bottom of the 1st over - 0 run(s), 0 hit(s), 0 error(s), 0 left on base; New Amsterdam 0 - Toledo 0
TOP OF THE 2ND
New Amsterdam Republics batting - Pitching for Toledo Titans : RHP Francis McBride
Batting: RHB Cory Hansen 0-0: Ball
1-0: Ball
2-0: Ball
3-0: Base on Balls
Batting: LHB Steve Ingram 0-0: Called Strike
0-1: Ball
1-1: Ball
2-1: Swinging Strike
2-2: Foul Ball, location: 2F
2-2: Strikes out swinging
Batting: RHB Ed Hopkins 0-0: Called Strike
0-1: Ball
1-1: SINGLE (Line Drive, 34D)
Cory Hansen to second
Batting: RHB John Burton 0-0: Ground out 5-3 (Groundball, 5S)
Cory Hansen to third
Ed Hopkins to second
Batting: RHB Enrique Morales 0-0: Ground out 6-3 (Groundball, 6)
Top of the 2nd over - 0 run(s), 1 hit(s), 0 error(s), 2 left on base; New Amsterdam 0 - Toledo 0
BOTTOM OF THE 2ND
Toledo Titans batting - Pitching for New Amsterdam Republics : LHP Alejandro Ramos
Batting: RHB Enrique Pérez 0-0: Ball
1-0: Ball
2-0: Ball
3-0: Called Strike
3-1: Called Strike
3-2: Base on Balls
Batting: LHB Jorge Flores 0-0: SINGLE (Groundball, 6D)
Enrique Pérez to second
Batting: RHB Alfredo Martínez 0-0: Ball
1-0: Swinging Strike
1-1: Swinging Strike
1-2: Strikes out swinging
Batting: RHB Kade Knowles 0-0: Ball
1-0: Ball
2-0: Swinging Strike
2-1: Foul Ball, location: 2F
2-2: Strikes out swinging
Batting: LHB Chris West 0-0: Ball
1-0: SINGLE (Groundball, 4MD)
Enrique Pérez to third
Jorge Flores to second
Runner from 3rd tries for Home, SAFE, no throw
Batting: RHB Mike Burns 0-0: Fly out, F8 (Flyball, 8LD)
Bottom of the 2nd over - 1 run(s), 2 hit(s), 0 error(s), 2 left on base; New Amsterdam 0 - Toledo 1
TOP OF THE 3RD
New Amsterdam Republics batting - Pitching for Toledo Titans : RHP Francis McBride
Batting: RHB Alfredo Suárez 0-0: Ball
1-0: Ball
2-0: Ground out 5-3 (Groundball, 56S)
Batting: RHB Hank Wilder 0-0: Called Strike
0-1: Foul Ball, location: 2F
0-2: Fly out, F8 (Flyball, 8LXD)
Batting: LHB Félix López 0-0: Called Strike
0-1: Foul Ball, location: 2F
0-2: Ball
1-2: Ground out 6-3 (Groundball, 6)
Top of the 3rd over - 0 run(s), 0 hit(s), 0 error(s), 0 left on base; New Amsterdam 0 - Toledo 1
BOTTOM OF THE 3RD
Toledo Titans batting - Pitching for New Amsterdam Republics : LHP Alejandro Ramos
Batting: RHB Pil-joong Pak 0-0: Ball
1-0: Foul Ball, location: 2F
1-1: Foul Ball, location: 2F
1-2: Fly out, F2 (Popup, 3S)
Batting: RHB Gerald Clark 0-0: Ball
1-0: Swinging Strike
1-1: Foul Ball, location: 2F
1-2: Foul Ball, location: 2F
1-2: Ground out 5-3 (Groundball, 56S)
Batting: LHB Yannick Hendriksen 0-0: Called Strike
0-1: Ball
1-1: Fly out, F9 (Flyball, 9D)
Bottom of the 3rd over - 0 run(s), 0 hit(s), 0 error(s), 0 left on base; New Amsterdam 0 - Toledo 1
TOP OF THE 4TH
New Amsterdam Republics batting - Pitching for Toledo Titans : RHP Francis McBride
Batting: RHB António Pérez 0-0: Swinging Strike
0-1: Ball
1-1: Ball
2-1: Foul Ball, location: 2F
2-2: Fly out, F7 (Flyball, 78D)
Batting: RHB Cory Hansen 0-0: Foul Ball, location: 2F
0-1: Ball
1-1: Called Strike
1-2: Ball
2-2: Ground out 6-3 (Groundball, 6)
Batting: LHB Steve Ingram 0-0: Foul Ball, location: 2F
0-1: Ball
1-1: Ball
2-1: SINGLE (Groundball, 4MD)
Batting: RHB Ed Hopkins 0-0: Swinging Strike
0-1: Ball
1-1: Foul Ball, location: 2F
1-2: Ball
2-2: Ground out 4-3 (Groundball, 4)
Top of the 4th over - 0 run(s), 1 hit(s), 0 error(s), 1 left on base; New Amsterdam 0 - Toledo 1
BOTTOM OF THE 4TH
Toledo Titans batting - Pitching for New Amsterdam Republics : LHP Alejandro Ramos
Batting: RHB Enrique Pérez 0-0: Ball
1-0: Called Strike
1-1: Ball
2-1: Ball
3-1: Base on Balls
Batting: LHB Jorge Flores 0-0: Ball
1-0: SINGLE (Groundball, 34D)
Enrique Pérez to second
Runner from 2nd tries for 3rd, SAFE, throw made to third
Batting: RHB Alfredo Martínez 0-0: Called Strike
0-1: Ball
1-1: Ball
2-1: Ball
3-1: Base on Balls
Jorge Flores to second
Batting: RHB Kade Knowles 0-0: Ball
1-0: Called Strike
1-1: Called Strike
1-2: Ball
2-2: Foul Ball, location: 2F
2-2: DOUBLE (Line Drive, 89M)
Enrique Pérez scores
Jorge Flores scores
Alfredo Martínez to third
Batting: LHB Chris West Balk!
Alfredo Martínez scores
Kade Knowles to third
0-0: Ball
1-0: Ball
Wild Pitch!
Kade Knowles scores
2-0: Ball
3-0: Called Strike
3-1: DOUBLE (Flyball, 78D)
Batting: RHB Mike Burns 0-0: Foul Ball, location: 2F
0-1: Ball
1-1: Ball
2-1: Foul Ball, location: 2F
2-2: Strikes out swinging
Batting: RHB Pil-joong Pak 0-0: Swinging Strike
0-1: Ball
1-1: Called Strike
1-2: Fly out, F6 (Popup, 6D)
Batting: RHB Gerald Clark 0-0: Foul Ball, location: 2F
0-1: Ball
1-1: Ball
2-1: Foul Ball, location: 2F
2-2: Ground out 5-3 (Groundball, 56)
Bottom of the 4th over - 4 run(s), 3 hit(s), 0 error(s), 1 left on base; New Amsterdam 0 - Toledo 5
TOP OF THE 5TH
New Amsterdam Republics batting - Pitching for Toledo Titans : RHP Francis McBride
Batting: RHB John Burton 0-0: Ball
1-0: Ball
2-0: DOUBLE (Line Drive, 7LS)
Batting: RHB Enrique Morales 0-0: Ball
John Burton steals 3rd base
1-0: Foul Ball, location: 2F
1-1: Ball
2-1: Called Strike
2-2: DOUBLE (Groundball, 5L)
John Burton scores
Batting: RHB Alfredo Suárez 0-0: Ball
1-0: Foul Ball, location: 2F
1-1: Called Strike
1-2: Fly out, F7 (Flyball, 78S)
Batting: RHB Hank Wilder 0-0: Ball
1-0: Ball
2-0: Ball
3-0: Called Strike
3-1: SINGLE (Groundball, 5D)
Enrique Morales to third
Runner from 3rd tries for Home, SAFE, no throw
Batting: LHB Félix López 0-0: Swinging Strike
0-1: Ball
1-1: Swinging Strike
1-2: Ball
2-2: Foul Ball, location: 2F
2-2: Ball
3-2: Grounds into double play, 4-6-3 (Groundball, 4)
Top of the 5th over - 2 run(s), 3 hit(s), 0 error(s), 0 left on base; New Amsterdam 2 - Toledo 5
BOTTOM OF THE 5TH
Toledo Titans batting - Pitching for New Amsterdam Republics : LHP Alejandro Ramos
Batting: LHB Yannick Hendriksen 0-0: Called Strike
0-1: Ball
1-1: Ball
2-1: Swinging Strike
2-2: Ball
3-2: Base on Balls
Batting: RHB Enrique Pérez 0-0: Ball
1-0: Ball
2-0: Ball
3-0: Called Strike
3-1: Base on Balls
Yannick Hendriksen to second
Batting: LHB Jorge Flores 0-0: Ball
1-0: Ball
2-0: Grounds out, U3 (Groundball, 3L)
Yannick Hendriksen to third
Batting: RHB Alfredo Martínez 0-0: Ball
Wild Pitch!
Yannick Hendriksen scores
Enrique Pérez to third
1-0: Foul Ball, location: 2F
1-1: Ball
2-1: Ball
3-1: Ground out 6-3 (Groundball, 6)
Enrique Pérez scores
Batting: RHB Kade Knowles 0-0: Ball
1-0: Foul Ball, location: 2F
1-1: Swinging Strike
1-2: Ball
2-2: Ball
3-2: SINGLE (Line Drive, 8LS)
Pitching: RHP Neil Gilliam
Batting: LHB Chris West 0-0: Ball
1-0: Called Strike
1-1: Foul Ball, location: 2F
1-2: Ball
2-2: Foul Ball, location: 2F
2-2: DOUBLE (Line Drive, 8LD)
Kade Knowles to third
Runner from 3rd tries for Home, SAFE, no throw
Batting: RHB Mike Burns 0-0: Foul Ball, location: 2F
0-1: Reached on error, E5 (Groundball, 56)
Chris West to third
Batting: RHB Pil-joong Pak 0-0: Called Strike
0-1: Ball
1-1: Foul Ball, location: 2F
1-2: Ball
2-2: Ball
3-2: Base on Balls
Mike Burns to second
Batting: RHB Gerald Clark 0-0: Ball
1-0: Swinging Strike
1-1: SINGLE (Line Drive, 6M)
Chris West scores
Mike Burns to third
Pil-joong Pak to second
Runner from 3rd tries for Home, SAFE, no throw
Batting: LHB Yannick Hendriksen 0-0: Ball
1-0: Ball
2-0: Ground out 4-3 (Groundball, 4S)
Bottom of the 5th over - 5 run(s), 3 hit(s), 1 error(s), 2 left on base; New Amsterdam 2 - Toledo 10
TOP OF THE 6TH
New Amsterdam Republics batting - Pitching for Toledo Titans : RHP Francis McBride
Batting: RHB António Pérez 0-0: Foul Ball, location: 2F
0-1: Fly out, F8 (Flyball, 89S)
Batting: RHB Cory Hansen 0-0: Fly out, F9 (Flyball, 9LM)
Batting: LHB Steve Ingram 0-0: Foul Ball, location: 2F
0-1: Ball
1-1: Ground out 4-3 (Groundball, 4)
Top of the 6th over - 0 run(s), 0 hit(s), 0 error(s), 0 left on base; New Amsterdam 2 - Toledo 10
BOTTOM OF THE 6TH
Toledo Titans batting - Pitching for New Amsterdam Republics : RHP Neil Gilliam
Batting: RHB Enrique Pérez 0-0: Called Strike
0-1: Called Strike
0-2: Foul Ball, location: 2F
0-2: Ball
1-2: Foul Ball, location: 2F
1-2: SINGLE (Flyball, 78S)
Batting: LHB Jorge Flores 0-0: Foul Ball, location: 2F
0-1: Foul Ball, location: 2F
0-2: Foul Ball, location: 2F
0-2: Fly out, F8 (Flyball, 8LM)
Batting: RHB Alfredo Martínez 0-0: Called Strike
0-1: Ball
1-1: SINGLE (Groundball, 34D)
Enrique Pérez to second
Runner from 2nd tries for 3rd, SAFE, throw made to third
Batting: RHB Kade Knowles 0-0: Called Strike
0-1: Called Strike
0-2: Ball
1-2: Ball
2-2: Fielders Choice at 2nd, 6-4 (Groundball, 6)
Enrique Pérez scores
Batting: LHB Chris West 0-0: Ball
1-0: Called Strike
1-1: Fly out, F8 (Flyball, 8LXD)
Bottom of the 6th over - 1 run(s), 2 hit(s), 0 error(s), 1 left on base; New Amsterdam 2 - Toledo 11
TOP OF THE 7TH
New Amsterdam Republics batting - Pitching for Toledo Titans : RHP Francis McBride
Batting: RHB Ed Hopkins 0-0: Ball
1-0: Foul Ball, location: 2F
1-1: Foul Ball, location: 2F
1-2: Strikes out looking
Batting: RHB John Burton 0-0: Called Strike
0-1: Foul Ball, location: 2F
0-2: Ball
1-2: Fly out, F8 (Flyball, 8RM)
Batting: RHB Enrique Morales 0-0: Ground out 6-3 (Groundball, 6)
Top of the 7th over - 0 run(s), 0 hit(s), 0 error(s), 0 left on base; New Amsterdam 2 - Toledo 11
BOTTOM OF THE 7TH
Toledo Titans batting - Pitching for New Amsterdam Republics : RHP Neil Gilliam
Batting: RHB Mike Burns 0-0: Swinging Strike
0-1: Called Strike
0-2: Ball
1-2: Strikes out swinging
Batting: RHB Pil-joong Pak 0-0: Foul Ball, location: 2F
0-1: Ground out 5-3 (Groundball, 56)
Batting: RHB Gerald Clark 0-0: Fly out, F9 (Flyball, 9S)
Bottom of the 7th over - 0 run(s), 0 hit(s), 0 error(s), 0 left on base; New Amsterdam 2 - Toledo 11
TOP OF THE 8TH
New Amsterdam Republics batting - Pitching for Toledo Titans : RHP Francis McBride
Batting: RHB Alfredo Suárez 0-0: SINGLE (Groundball, 6MD)
Pitching: RHP Ricardo Gómez
Batting: RHB Hank Wilder 0-0: Foul Ball, location: 2F
0-1: Called Strike
0-2: Fly out, F8 (Flyball, 89M)
Batting: LHB Félix López 0-0: Called Strike
0-1: Ball
1-1: Called Strike
1-2: Ball
2-2: Foul Ball, location: 2F
2-2: Ball
3-2: Strikes out swinging
Alfredo Suárez is caught stealing 2nd base
Batter strikes out.
Top of the 8th over - 0 run(s), 1 hit(s), 0 error(s), 0 left on base; New Amsterdam 2 - Toledo 11
BOTTOM OF THE 8TH
Toledo Titans batting - Pitching for New Amsterdam Republics : RHP Neil Gilliam
Batting: LHB Yannick Hendriksen 0-0: Ground out 1-3 (Groundball, 15S)
Batting: RHB Enrique Pérez 0-0: Ball
1-0: Foul Ball, location: 2F
1-1: Foul Ball, location: 2F
1-2: Ball
2-2: Foul Ball, location: 2F
2-2: Ball
3-2: Ground out 5-3 (Groundball, 5L)
Batting: LHB Jorge Flores 0-0: Called Strike
0-1: Ball
1-1: Ball
2-1: SINGLE (Line Drive, 56)
Batting: RHB Alfredo Martínez 0-0: Ball
1-0: Ball
2-0: Ball
3-0: Called Strike
3-1: Foul Ball, location: 2F
3-2: Foul Ball, location: 2F
3-2: Fly out, F8 (Flyball, 8LM)
Bottom of the 8th over - 0 run(s), 1 hit(s), 0 error(s), 1 left on base; New Amsterdam 2 - Toledo 11
TOP OF THE 9TH
New Amsterdam Republics batting - Pitching for Toledo Titans : RHP Ricardo Gómez
Batting: RHB António Pérez 0-0: Ball
1-0: Ball
2-0: Fly out, F5 (Popup, 5L)
Batting: RHB Cory Hansen 0-0: Ball
1-0: Called Strike
1-1: Ball
2-1: Swinging Strike
2-2: Ball
3-2: Base on Balls
Batting: LHB Steve Ingram 0-0: Ball
1-0: Ball
2-0: Swinging Strike
2-1: Swinging Strike
2-2: Ball
3-2: Fly out, F7 (Flyball, 7LM)
Pinch Hitting: RHB Quincy van Enk 0-0: Ball
1-0: Swinging Strike
1-1: Swinging Strike
1-2: Foul Ball, location: 2F
1-2: Ball
2-2: Strikes out swinging
Top of the 9th over - 0 run(s), 0 hit(s), 0 error(s), 1 left on base; New Amsterdam 2 - Toledo 11
Friday, December 30th, 2016 - OOTP Baseball 17.12 Build 75